 Dungeon Crawl Stone Soup version 0.30.1 (webtiles) character file.

Game seed: 4725261761143448542

116 LynnLen the Sneak (level 4, -2/21 HPs)
             Began as a Spriggan Enchanter on July 10, 2023.
             Slain by an orc priest
             ... wielding a +0 whip
              (6 damage)
             ... on level 3 of the Dungeon.
             The game lasted 00:08:38 (1928 turns).

LynnLen the Sneak (Spriggan Enchanter)              Turns: 1928, Time: 00:08:39

Health: -2/21      AC:  2    Str:  4    XL:     4   Next: 69%
Magic:  9/9        EV: 17    Int: 18    God:
Gold:   18         SH:  0    Dex: 15    Spells: 4/9 levels left

rFire   . . .        d - +2 dagger (freeze)
rCold   . . .        (no shield)
rNeg    . . .        b - +0 robe
rPois   .            (helmet restricted)
rElec   .            (no cloak)
rCorr   .            (gloves unavailable)
SInv    +            (boots unavailable)
Will    .....        (no amulet)
Stlth   +++          (no ring)
HPRegen 0.23/turn    (no ring)
MPRegen 0.11/turn

%: no passive effects
@: very quick
A: very small, no large weapons, unfitting armour, see invisible, speed 3
a: no special abilities


You were on level 3 of the Dungeon.
You visited 1 branch of the dungeon, and saw 3 of its levels.

You collected 78 gold pieces.
You spent 60 gold pieces at shops.

Inventory:

Hand Weapons
 d - a +2 dagger of freezing (weapon)
Armour
 b - a +0 robe (worn)
Scrolls
 a - a scroll of immolation
 f - a scroll of magic mapping {unknown}
 g - a scroll of blinking {unknown}
 i - a scroll of fear {unknown}
Potions
 c - 3 potions of invisibility
 e - 2 potions of brilliance
 h - a potion of attraction


   Skills:
 * Level 2.5 Short Blades
 - Level 2.6 Dodging
 * Level 5.9 Stealth
 + Level 3.2 Spellcasting
 * Level 4.6 Hexes
 + Level 0.7 Ice Magic


You had 4 spell levels left.
You knew the following spells:

 Your Spells              Type           Power      Damage    Failure   Level
a - Ensorcelled Hibernat  Hex/Ice        24%        N/A       8%          2
b - Confusing Touch       Hex            19%        N/A       7%          3

Your spell library contained the following spells:

 Spells                   Type           Power      Damage    Failure   Level
 Tukima's Dance           Hex            19%        N/A       7%          3
 Dazzling Flash           Conj/Hex       22%        N/A       19%         3
 Cigotuvi's Dreadful Rot  Necr/Pois/Air  4%         N/A       24%         2
 Sublimation of Blood     Necr           2%         N/A       24%         2
 Wereblood                Tmut           2%         N/A       24%         2
 Dispel Undead            Necr           2%         3d7       85%         4
 Death Channel            Necr           1%         N/A       100%        6
 Summon Hydra             Summ           1%         N/A       100%        7


Dungeon Overview and Level Annotations

Branches:
Dungeon (3/15)

Altars:
Uskayaw

Shops:
D:2 *:!?


Innate Abilities, Weirdness & Mutations

You are very small and have problems with some larger weapons.
You are too small for most types of armour.
You have supernaturally acute eyesight. (SInv)
You cover ground extremely quickly. (Speed+++)


Message History

A kobold comes into view. It is wielding a +0 dagger.
There is an open door here.
A kobold is nearby!
The kobold shouts!
An orc comes into view. It is wielding a +0 dagger.
The kobold completely misses you.
You closely miss the kobold.
The orc shouts!
The kobold barely misses you.
An orc comes into view. It is wielding a +0 hand axe.
You closely miss the kobold. The kobold closely misses you.
You barely miss the kobold. You barely miss the kobold.
The kobold completely misses you.
An orc priest comes into view. It is wielding a +0 whip.
The orc priest shouts!
You hit the kobold. You freeze the kobold.
You kill the kobold!
An orc comes into view. It is wielding a +0 whip.
Found an escape hatch in the floor.
Things that are here:
a +0 dagger; a kobold corpse The orc hits you with a +0 dagger.
You hit the orc. You freeze the orc.
You kill the orc!
You hit the orc. You freeze the orc.
The orc is moderately wounded.
The orc misses you.
You completely miss the orc.
The orc is moderately wounded.
You closely miss the orc.
The orc is moderately wounded.
The orc hits you with a +0 hand axe.
You hit the orc. You freeze the orc.
You kill the orc!
The orc priest invokes the aid of Beogh against you.
Beogh smites you!
Ouch! That really hurt!
* * * LOW HITPOINT WARNING * * *
The orc priest hits you with a +0 whip.
You die...

#.# .. #######.#####..
#..............
#>............#
#.............#
#.............#
#......oo.....# #@# #.#
####.# #<##.#######
######.##.##....# ..
#......##'##....#####...
####.......................
#.....#####................
#.#####...#####............


You could see an orc priest and an orc.

Vanquished Creatures
  6 adders (D:2)
  2 worms (D:2)
  A dart slug (D:3)
  2 orcs (D:3)
  5 bats
  6 endoplasms
  2 goblins (D:1)
  5 hobgoblins
  4 jackals (D:1)
  9 ball pythons
  5 kobolds
  4 rats
51 creatures vanquished.

Notes
Turn   | Place    | Note
-------+----------+-------------------------------------------
     0 | D:1      | LynnLen the Spriggan Enchanter began the quest for the Orb.
     0 | D:1      | Reached XP level 1. HP: 9/9 MP: 5/5
   173 | D:1      | Reached XP level 2. HP: 13/13 MP: 6/6
   176 | D:1      | Learned a level 2 spell: Ensorcelled Hibernation
   212 | D:1      | Reached skill level 5 in Stealth
   695 | D:1      | Reached XP level 3. HP: 13/16 MP: 8/8
   705 | D:1      | Learned a level 3 spell: Confusing Touch
  1004 | D:2      | Found Kireuluu's Book Shoppe.
  1009 | D:2      | Found Wuhuelof's Assorted Antiques.
  1014 | D:2      | Bought a scroll of identify for 36 gold pieces
  1094 | D:2      | Found Ippahos's Distillery.
  1418 | D:2      | Reached XP level 4. HP: 21/21 MP: 9/9
  1726 | D:2      | Found Ateq Buykk's Magic Scroll Shop.
  1744 | D:2      | Bought a scroll of identify for 24 gold pieces
  1869 | D:3      | Found a hide-covered altar of Uskayaw.
  1928 | D:3      | Slain by an orc priest

Illustrated notes

Levels and vault maps discovered:
D:1:      saegor_arrival_simple_b, layout_rooms
D:2:      layout_loops_ring, serial_shops, shop, nicolae_book_shop_shelving,
          nicolae_diamond_shop, shop
D:3:      layout_basic, tso_oasis_becter, amcnicky_altar_gilded,
          mainiacjoe_overflow_surrounded_room, serial_shops, shop

Skill      XL: |  1  2  3 |
---------------+----------+-----
Stealth        | 5 |  5.9
Hexes          | 4 |  4.6
Short Blades   | 2 |  2.5
Spellcasting   | 3 |  3.2
Dodging        | |  2.6
Ice Magic      | |  0.7

Action                     |  1- 3 |  4- 6 || total
---------------------------+-------+-------++-------
  Melee: Dagger            |   131 |    19 ||   150
         Punch             |     1 |       ||     1
   Cast: Ensorcelled Hiber |    12 |     5 ||    17
    Use: Scroll            |     3 |     1 ||     4
   Stab: Sleeping          |    13 |     4 ||    17
 Armour: Robe              |     6 |       ||     6
  Dodge: Dodged            |    99 |     9 ||   108
